Map: King's Cove LE

Players

Rail

  • Race: Protoss Protoss
  • League: Master
  • Spawn Location: 5:00

Lambo - Winner!

  • Race: Zerg Zerg
  • League: Master
  • Spawn Location: 11:00

VOD

Have the link to the VOD?

Description

Time

  • Played on: Jan. 24, 2019, 11:26 a.m.
  • Length: 8:23
Show
View Real Time Build Order
Export as new Build Order

Rail Protoss 

Build Orders: 1 Gate Expand, Double Forge, Oracle Opening 

Get SALT Encoding   

  12  0:02  Probe  
  13  0:14  Probe  
  13  0:18  Pylon  
  14  0:25  Probe  
  15  0:33  Probe  
  15  0:41  Gateway  
  15  0:42  Probe  
  16  0:49  Assimilator  
  17  0:53  Probe  
  18  1:05  Probe  
  19  1:23  Nexus  
  19  1:34  Cybernetics Core  
  19  1:36  Probe  
  20  1:42  Assimilator  
  20  1:46  Probe  
  20  1:52  Pylon  
  21  1:54  Probe  
  22  2:02  Probe  
  23  2:11  Stalker, Probe  
  23  2:14  Warp Gate  
  26  2:19  Probe  
  26  2:28  Probe  
  27  2:32  Probe  
  27  2:36  Stargate  
  29  2:40  Probe  
  29  2:41  Probe  
  30  2:47  Adept  
  30  2:49  Probe  
  33  2:53  Probe  
  35  3:01  Probe  
  35  3:03  Gateway  
  36  3:06  Probe  
  36  3:09  Probe  
  37  3:17  Adept  
  37  3:19  Probe  
  41  3:20  Probe  
  41  3:21  Pylon  
  41  3:26  Oracle  
  45  3:33  Shield Battery  
  45  3:34  Probe  
  45  3:37  Probe  
  45  3:38  Assimilator  
  47  3:45  Probe  
  47  3:46  Probe  
  48  3:53  Probe  
  49  3:57  Pylon  
  49  3:58  Probe  
  51  4:03  Nexus  
  51  4:09  Probe  
  52  4:11  Assimilator  
  52  4:14  Probe  
  53  4:19  Robotics Facility  
  53  4:22  Robotics Facility  
  53  4:27  Probe x2  
  55  4:31  Shield Battery  
  55  4:37  Pylon  
  55  4:39  Probe  
  55  4:40  Probe  
  55  4:42  Sentry x2  
  61  4:52  Probe  
  62  4:55  Probe  
  62  4:57  Forge  
  62  4:58  Immortal, Forge  
  63  5:04  Probe  
  63  5:05  Immortal  
  69  5:14  Probe  
  69  5:16  Probe  
  69  5:17  Probe  
  75  5:26  Probe  
  75  5:27  Immortal  
  76  5:28  Probe  
  76  5:33  Probe  
  76  5:35  Protoss Ground Armor Level 1, Protoss Ground Weapons Level 1  
  78  5:38  Probe  
  78  5:40  Probe  
  84  5:45  Pylon, Probe  
  85  5:52  Immortal  
  85  5:53  Shield Battery  
  85  5:57  Pylon  
  85  6:01  Shield Battery  
  85  6:03  Photon Cannon  
  89  6:05  Immortal, Robotics Bay, Zealot  
  89  6:07  Stalker  
  97  6:20  Photon Cannon  
  97  6:25  Photon Cannon  
  97  6:27  Shield Battery  
  97  6:28  Sentry  
  99  6:33  Adept  
  101  6:42  Pylon  
  101  6:48  Pylon  
  101  6:53  Immortal  
  101  6:54  Warp Prism  
  101  7:00  Probe  
  108  7:10  Zealot x2  
  108  7:14  Photon Cannon  
  108  7:15  Photon Cannon  
  112  7:26  Immortal  
  101  7:32  Photon Cannon  
  101  7:34  Immortal  
  101  7:35  Probe  
  103  7:46  Probe  
  103  7:49  Probe  
  100  7:56  Probe  
  94  7:58  Probe  
Show
View Real Time Build Order
Export as new Build Order

Lambo Zerg - Winner!

Build Orders: Hatch First 

Get SALT Encoding   

  12  0:01  Drone  
  13  0:13  Overlord  
  13  0:18  Drone  
  14  0:31  Drone x2  
  16  0:50  Hatchery  
  16  0:53  Drone  
  17  0:57  Drone  
  17  1:00  Drone  
  18  1:11  Extractor  
  17  1:15  Spawning Pool  
  16  1:19  Drone  
  16  1:22  Drone  
  18  1:29  Drone  
  19  1:40  Drone  
  20  1:53  Overlord  
  20  2:03  Queen x2  
  20  2:04  Zergling x4  
  26  2:14  Drone x2  
  26  2:15  Metabolic Boost  
  28  2:25  Drone  
  28  2:28  Drone  
  30  2:39  Hatchery  
  30  2:43  Drone  
  30  2:44  Drone  
  31  2:48  Drone  
  32  2:51  Overlord  
  32  2:54  Drone  
  33  3:01  Drone  
  33  3:03  Queen  
  36  3:12  Drone x2  
  38  3:13  Drone x2  
  38  3:15  Overlord  
  38  3:19  Drone  
  41  3:23  Drone x2  
  43  3:28  Drone  
  44  3:37  Spore Crawler  
  44  3:39  Drone x2  
  44  3:40  Queen  
  47  3:42  Lair  
  47  3:44  Drone  
  47  3:46  Drone  
  49  3:48  Overlord  
  49  3:56  Roach Warren  
  49  3:58  Drone x2  
  49  4:01  Drone x2  
  51  4:05  Drone  
  51  4:08  Overlord  
  52  4:13  Drone x3  
  52  4:16  Drone x2  
  57  4:21  Extractor, Overlord  
  57  4:22  Extractor  
  55  4:30  Drone x2  
  57  4:32  Zergling x10  
  57  4:38  Overlord  
  61  4:39  Zergling x2  
  61  4:41  Overseer  
  62  4:46  Zergling x6  
  62  4:51  Zergling x6  
  68  4:52  Overlord  
  68  4:54  Drone x3  
  68  4:56  Drone x2  
  68  4:59  Drone  
  74  5:00  Hydralisk Den  
  74  5:05  Drone x2  
  75  5:07  Spore Crawler  
  75  5:10  Drone  
  75  5:13  Glial Reconstitution  
  75  5:16  Extractor  
  75  5:18  Extractor  
  75  5:21  Drone x6  
  80  5:24  Drone  
  79  5:30  Overlord, Nydus Network  
  79  5:31  Nydus Network  
  79  5:34  Overseer  
  75  5:40  Zergling x8, Roach x2  
  82  5:44  Roach  
  84  5:50  Roach x4  
  84  5:55  Overlord  
  92  5:57  Burrow  
  92  5:58  Roach x2  
  92  5:59  Zergling x2  
  92  6:02  Overlord x2  
  97  6:08  Overseer  
  97  6:09  Overlord  
  97  6:12  Overlord  
  97  6:13  Overlord  
  97  6:14  Roach x2  
  101  6:21  Roach x4  
  101  6:25  Extractor, Roach  
  110  6:29  Spire  
  110  6:31  Zergling x2, Roach  
  112  6:35  Roach x2  
  112  6:38  Roach  
  112  6:39  Roach  
  120  6:48  Nydus Canal  
  120  6:49  Nydus Canal  
  120  6:51  Roach x3  
  120  6:52  Drone x2  
  120  6:53  Drone x2  
  130  7:00  Nydus Canal  
  127  7:09  Nydus Canal  
  127  7:11  Roach x6  
  127  7:12  Drone  
  127  7:13  Drone  
  127  7:14  Nydus Canal  
  139  7:21  Roach x3  
  145  7:25  Roach  
  145  7:26  Roach x6  
  139  7:38  Nydus Canal  
  133  7:46  Extractor  
  133  7:48  Hatchery  
  133  7:51  Extractor  
  124  7:57  Drone x2  
  124  7:58  Drone x3  
  119  7:59  Drone, Mutalisk  
Tags
 
Add a new tag
Caveats
  • Supply blocks, unpowered buildings, or Contaminate may cause inaccurate times.
  • Supply counts are checked every 10 seconds.